 Dungeon Crawl Stone Soup version 0.19.1-1-g22dce08 (webtiles) character file.

44023 piz0 the Unseen (level 13, -7/63 HPs)
             Began as a Spriggan Enchanter on Dec 30, 2016.
             Was an Initiate of Gozag.
             Mangled by an alligator (10 damage)
             ... on level 1 of the Swamp on Jan 9, 2017.
             The game lasted 02:41:08 (26956 turns).

piz0 the Unseen (Spriggan Enchanter)               Turns: 26956, Time: 02:41:09

Health: -7/63      AC:  5    Str:  4    XL:     13   Next: 94%
Magic:  39/39      EV: 31    Int: 20    God:    Gozag
Gold:   3575       SH:  5    Dex: 23    Spells: 5 memorised, 22 levels left

rFire  + . .     SeeInvis +     o - +11 dagger "Impslayer" {venom, -Tele rElec Dex+5}
rCold  . . .     Gourm    .     Z - +2 robe {rF+}
rNeg   . . .     Faith    .     (shield restricted)
rPois  .         Spirit   .     (helmet restricted)
rElec  +         Reflect  +     E - +0 cloak
rCorr  .         Harm     .     (gloves unavailable)
MR     ++...     NoTele   +     (boots unavailable)
Stlth  +++++++...               a - +5 amulet of reflection
                                t - ring of magical power
                                L - ring of wizardry

@: very quick
A: unfitting armour, see invisible, herbivore 3, speed 3, slow metabolism 2
a: Potion Petition, Call Merchant, Bribe Branch, Renounce Religion


You were on level 1 of the Swamp.
You worshipped Gozag.
Gozag was most pleased with you.
You were full.

You visited 4 branches of the dungeon, and saw 19 of its levels.
You also visited: Bailey.

You collected 4665 gold pieces.
You paid 1090 gold pieces to Gozag.

Inventory:

Hand Weapons
 o - the +11 dagger "Impslayer" (weapon) {venom, -Tele rElec Dex+5}
   (You found it on level 4 of the Lair of Beasts)

   It poisons the flesh of those it strikes.
   It affects your dexterity (+5).
   It insulates you from electricity.
   It prevents most forms of teleportation.
Armour
 E - a +0 cloak (worn)
 Z - a +2 robe of fire resistance (worn)
Jewellery
 a - a +5 amulet of reflection (around neck)
 i - a +2 ring of evasion
 l - an uncursed ring of magical power
 t - a ring of magical power (right hand)
 C - an uncursed ring of protection from cold
 L - a ring of wizardry (left hand)
 Q - an uncursed ring of protection from fire
Wands
 g - a wand of teleportation (0/9)
 m - a wand of lightning (8/15)
 p - a wand of flame (11/48)
 y - a wand of flame (23/48)
 B - a wand of iceblast (11/15)
 G - a wand of paralysis (8/24)
 I - a wand of flame (1/48)
 N - a wand of iceblast (4/15)
 P - a wand of teleportation (2/9)
 S - a wand of digging (13/24)
 T - a wand of lightning (5/15)
Scrolls
 b - a scroll of immolation {unknown}
 f - a scroll of brand weapon {unknown}
 h - 7 scrolls of enchant armour
 k - a scroll of amnesia
 n - a scroll of random uselessness
 r - a scroll of acquirement {unknown}
 w - 2 scrolls of blinking
 z - 3 scrolls of magic mapping
 K - 3 scrolls of remove curse
 O - 2 scrolls of fog
 R - 2 scrolls of teleportation
 U - a scroll of recharging
 V - a scroll of holy word {unknown}
 W - a scroll of fear {unknown}
Potions
 e - 3 potions of lignification
 j - 3 potions of cure mutation
 q - 7 potions of flight
 u - a potion of might
 D - a potion of degeneration {unknown}
 H - a potion of berserk rage {unknown}
 J - a potion of invisibility {unknown}
 Y - a potion of cancellation {unknown}
Books
 c - a book of Maledictions

   Spells                             Type                      Level
   a - Corona                         Hexes                        1
   b - Ensorcelled Hibernation        Hexes/Ice                    2
   c - Confuse                        Hexes                        3
   d - Tukima's Dance                 Hexes                        3
   e - Dazzling Spray                 Conjuration/Hexes            3
 v - a book of Unlife

   Spells                             Type                      Level
   a - Recall                         Summoning/Translocation      3
   b - Animate Dead                   Necromancy                   4
   c - Control Undead                 Necromancy                   4
   d - Cigotuvi's Embrace             Necromancy                   5
   e - Death Channel                  Necromancy                   6
   f - Simulacrum                     Ice/Necromancy               6
Miscellaneous
 x - 2 sacks of spiders
Comestibles
 d - 5 bread rations
 s - 9 slices of pizza
 M - 15 fruits


   Skills:
 * Level 4.9 Fighting
 - Level 10.4 Short Blades
 - Level 3.4 Armour
 - Level 12.6 Dodging
 * Level 18.3 Stealth
 - Level 12.5 Spellcasting
 + Level 5.6 Conjurations
 - Level 9.0 Hexes
 * Level 1.8 Necromancy
 - Level 3.1 Evocations


You had 22 spell levels left.
You knew the following spells:

 Your Spells              Type           Power        Failure   Level  Hunger
a - Animate Dead          Necr           N/A          12%         4    None
b - Ensorcelled Hibernat  Hex/Ice        ####..       1%          2    None
c - Confuse               Hex            #####...     1%          3    None
d - Tukima's Dance        Hex            #####...     1%          3    None
e - Dazzling Spray        Conj/Hex       #####.       1%          3    None


Dungeon Overview and Level Annotations

Branches:
Dungeon (11/15)            Temple (1/1) D:4            Lair (6/6) D:10
  Swamp (1/4) Lair:2        Snake (0/4) Lair:2        Slime (0/5) Lair:6
    Orc: D:9-12

Altars:
Ashenzari
Cheibriados
Dithmenos
Elyvilon
Fedhas
Gozag
Hepliaklqana
Kikubaaqudgha
Makhleb
Nemelex Xobeh
Okawaru
Qazlal
Ru
Sif Muna
Trog
Uskayaw
Vehumet
Xom
Yredelemnul
Zin
The Shining One
Jiyva

Annotations:
D:6 1 exclusion
D:11 Snorg, Urug
Lair:1 exclusion: porcupine
Swamp:1 Jynx's ghost, journeyman DEFE


Innate Abilities, Weirdness & Mutations

You are very small and have problems with some larger weapons.
You are too small for most types of armour.
You have supernaturally acute eyesight. (SInv)
You are a herbivore.
You cover ground extremely quickly.
You need consume almost no food.


Message History

The alligator is severely wounded.
The alligator completely misses you. The alligator tail-slaps you.
You barely miss the alligator.
The alligator is almost dead.
You hit the alligator but do no damage.
The alligator is almost dead.
The alligator puts on a burst of speed!
You hit the alligator but do no damage.
The alligator looks as sick as possible!
The alligator is almost dead.
You barely miss the alligator.
The alligator is almost dead.
The alligator bites you!
* * * LOW HITPOINT WARNING * * *
The alligator completely misses you.
You puncture the alligator!
The alligator is almost dead.
The alligator misses you. The alligator tail-slaps you!
You die...
Your body crumbles into a pile of gold.

♣♣♣♣ ≈.♣≈≈≈ .♣ ♣♣♣... ≈
....≈≈§♣ ♣♣....≈ ..
≈≈....♣ ♣♣.....≈
.≈≈≈≈..♣.♣ ♣♣♣.≈≈≈≈≈≈
.≈≈≈♣...≈♣ ♣♣.....≈♣≈.
≈≈≈≈≈.≈≈.♣♣♣♣♣..≈≈≈≈≈.≈.
..≈.≈≈≈t.≈.≈.≈.≈≈≈.♣♣.§.
♣.....@≈≈§≈≈≈≈≈≈≈♣♣♣♣.§
♣♣♣.≈≈≈≈♣≈.≈≈....♣ ♣♣.
♣≈.≈≈...≈≈.≈.≈≈.♣ ♣♣
♣≈≈≈≈≈≈.≈≈≈♣♣.≈≈♣ ♣
♣♣§≈≈≈≈≈.≈≈≈≈≈.≈.♣♣
♣....≈≈≈.≈≈≈♣≈.≈..♣♣
♣..♣§§..≈≈≈≈≈.....≈♣
.♣...≈♣≈≈≈≈≈≈......♣♣
.≈.♣.≈≈≈.♣.........≈♣


You could see an alligator.

Vanquished Creatures
  Kirke (Lair:5)
  7 hydras
  Erica (Lair:2)
  2 alligators (Swamp:1)
  A deep elf mage (D:8)
  A manticore (D:6)
  9 black mambas
  Maurice (D:10)
  6 elephants (Lair:6)
  12 spiny frogs
  A torpor snail (Lair:6)
  3 rime drakes (Lair:6)
  9 komodo dragons
  2 polar bears
  5 hornets
  2 trolls
  Grinder (D:5)
  A meliai zombie (D:10)
  15 blink frogs
  4 slime creatures (Swamp:1)
  2 bog bodies (Swamp:1)
  7 hippogriffs
  A wraith (D:10)
  A redback (Lair:6)
  27 yaks
  7 wyverns
  4 basilisks
  2 hogs (Lair:5)
  4 insubstantial wisps (Swamp:1)
  Duvessa (D:6)
  24 water moccasins
  3 orc warriors
  3 porcupines
  4 ice beasts
  3 ogres
  2 phantoms
  2 black bears (D:6)
  2 necrophages
  4 centaurs
  13 crocodiles
  15 bullfrogs
  Dowan (D:6)
  2 scorpions
  9 killer bees
  4 howler monkeys
  A centaur zombie (D:6)
  A crimson imp (D:6)
  A bullfrog zombie (D:7)
  3 hounds
  3 quasits
  3 jellies
  A bullfrog skeleton (D:10)
  3 orc priests
  12 orc wizards
  A gnoll shaman (D:4)
  2 iguanas
  12 worker ants
  2 hell rats (Lair:4)
  2 hound skeletons
  A howler monkey zombie (D:5)
  A worker ant zombie (D:9)
  5 gnolls
  23 adders
  13 river rats
  3 shadow imps
  2 oozes
  2 adder zombies
  An adder skeleton (D:5)
  2 worms
  3 dart slugs
  4 leopard geckos
  57 orcs
  7 bats
  4 giant cockroaches
  6 goblins
  7 hobgoblins
  8 jackals
  4 quokkas
  A ball python (Lair:2)
  3 frilled lizards
  12 kobolds
  A leopard gecko zombie (D:6)
  8 rats
  3 fungi
459 creatures vanquished.

Vanquished Creatures (collateral kills)
  A spriggan (D:8)
  An ogre (D:9)
  A gnoll (D:9)
  An orc (D:4)
4 creatures vanquished.

Vanquished Creatures (others)
  2 dancing weapons
  22 fungi
  21 plants
45 creatures vanquished.

Grand Total: 508 creatures vanquished

Notes
Turn   | Place    | Note
-------+----------+-------------------------------------------
     0 | D:1      | piz0 the Spriggan Enchanter began the quest for the Orb.
     0 | D:1      | Reached XP level 1. HP: 9/9 MP: 5/5
   343 | D:1      | Reached XP level 2. HP: 11/13 MP: 4/6
   347 | D:1      | Learned a level 2 spell: Ensorcelled Hibernation
  1550 | D:2      | Found a hazy altar of Hepliaklqana.
  1716 | D:2      | Reached XP level 3. HP: 16/16 MP: 8/8
  1970 | D:3      | Learned a level 3 spell: Confuse
  2110 | D:3      | Reached skill level 5 in Stealth
  2285 | D:3      | Noticed a water moccasin
  2288 | D:3      | Killed a water moccasin
  2288 | D:3      | Reached skill level 6 in Stealth
  2288 | D:3      | Reached XP level 4. HP: 21/21 MP: 8/10
  2288 | D:3      | Reached XP level 5. HP: 24/24 MP: 8/11
  2296 | D:3      | Learned a level 3 spell: Tukima's Dance
  3561 | D:3      | Learned a level 3 spell: Dazzling Spray
  3593 | D:4      | Noticed an ogre
  3919 | D:4      | Reached skill level 5 in Dodging
  3919 | D:4      | Reached XP level 6. HP: 28/28 MP: 13/13
  4143 | D:4      | Found a staircase to the Ecumenical Temple.
  4200 | Temple   | Entered the Ecumenical Temple
  4399 | D:4      | Found an opulent altar of Gozag.
  4411 | D:4      | Became a worshipper of Gozag Ym Sagoz the Greedy
  4453 | D:4      | Reached skill level 7 in Stealth
  4453 | D:4      | Reached skill level 1 in Conjurations
  4459 | D:4      | Reached skill level 5 in Spellcasting
  4535 | D:4      | Reached XP level 7. HP: 20/32 MP: 9/15
  5515 | D:5      | Entered Level 5 of the Dungeon
  5583 | D:5      | Found a snail-covered altar of Cheibriados.
  5661 | D:5      | Noticed a wyvern
  5678 | D:5      | Killed a wyvern
  5678 | D:5      | Reached skill level 8 in Stealth
  5678 | D:5      | Reached skill level 5 in Hexes
  5904 | D:5      | Reached XP level 8. HP: 27/36 MP: 14/18
  6097 | D:5      | Noticed Grinder
  6107 | D:5      | Killed Grinder
  6241 | D:5      | Reached skill level 9 in Stealth
  7631 | D:6      | Reached skill level 10 in Stealth
  7874 | D:6      | Noticed Duvessa
  7874 | D:6      | Noticed Dowan
  7874 | D:6      | Noticed a manticore
  7876 | D:6      | Killed Duvessa
  7876 | D:6      | Reached XP level 9. HP: 32/38 MP: 21/21
  8360 | D:6      | Killed Dowan
  8396 | D:6      | Killed a manticore
  9084 | D:7      | Reached skill level 11 in Stealth
  9162 | D:7      | Found a white marble altar of Elyvilon.
  9259 | D:7      | Found a shattered altar of Ashenzari.
  9536 | D:8      | Got a serpentine garnet amulet
  9577 | D:8      | Reached skill level 5 in Short Blades
  9597 | D:8      | Found a flagged portal.
 10118 | D:8      | Identified the amulet "Foymuj" {Inacc rC+ Str+4} (You found it on level 8 of the Dungeon)
 10187 | D:8      | Reached skill level 12 in Stealth
 10357 | Bailey   | Entered a bailey
 10667 | Bailey   | Reached XP level 10. HP: 29/44 MP: 2/23
 11264 | D:8      | Noticed a deep elf mage
 11284 | D:8      | Killed a deep elf mage
 12560 | D:9      | Reached skill level 13 in Stealth
 12741 | D:9      | Found a deep blue altar of Sif Muna.
 12775 | D:10     | Entered Level 10 of the Dungeon
 12795 | D:10     | Reached skill level 1 in Evocations
 13205 | D:10     | Found a staircase to the Lair.
 13583 | D:10     | Noticed Maurice
 13589 | D:10     | Killed Maurice
 13788 | D:10     | Reached skill level 1 in Armour
 14246 | D:10     | Found a blossoming altar of Fedhas.
 14909 | D:11     | Reached XP level 11. HP: 47/47 MP: 25/25
 14934 | D:11     | Noticed Urug
 14935 | D:11     | Noticed Snorg
 14951 | D:11     | Noticed a hill giant
 15395 | Lair:1   | Entered Level 1 of the Lair of Beasts
 15464 | Lair:1   | Reached skill level 14 in Stealth
 15582 | Lair:1   | Noticed an eight-headed hydra
 15637 | Lair:1   | Noticed an eight-headed hydra
 16353 | Lair:1   | Killed an eight-headed hydra
 16571 | Lair:1   | Killed an eight-headed hydra
 17293 | Lair:1   | Reached skill level 10 in Spellcasting
 17589 | Lair:2   | Noticed a death yak
 17589 | Lair:2   | Noticed a death yak
 17590 | Lair:2   | Noticed a death yak
 17590 | Lair:2   | Noticed a death yak
 17593 | Lair:2   | Noticed a death yak
 17643 | Lair:2   | Noticed Erica
 17652 | Lair:2   | Killed Erica
 17702 | Lair:2   | Found a staircase to the Snake Pit.
 17961 | Lair:1   | Reached skill level 10 in Dodging
 18231 | Lair:2   | Found a staircase to the Swamp.
 18370 | Lair:2   | Noticed an eight-headed hydra
 18447 | Lair:1   | Noticed an eight-headed hydra
 18470 | Lair:1   | Killed an eight-headed hydra
 18644 | Lair:2   | Reached skill level 15 in Stealth
 18804 | Lair:2   | Reached XP level 12. HP: 51/51 MP: 5/27
 19037 | Lair:2   | Killed an eight-headed hydra
 19925 | Lair:3   | You fall through a shaft!
 20518 | Lair:4   | Got a crystal dagger
 20707 | Lair:3   | Identified the +11 dagger "Impslayer" {venom, -Tele rElec Dex+5} (You found it on level 4 of the Lair of Beasts)
 21583 | Lair:4   | Reached skill level 16 in Stealth
 21839 | Lair:4   | Reached skill level 10 in Short Blades
 22642 | Lair:5   | Noticed Kirke
 22655 | Lair:5   | Killed Kirke
 23308 | Lair:6   | Entered Level 6 of the Lair of Beasts
 23380 | Lair:6   | Reached skill level 1 in Fighting
 23380 | Lair:6   | Reached XP level 13. HP: 46/56 MP: 29/29
 24000 | Lair:6   | Reached skill level 17 in Stealth
 24850 | Lair:6   | Found a viscous altar of Jiyva.
 24850 | Lair:6   | Found a staircase to the Slime Pits.
 24902 | Lair:6   | Reached skill level 5 in Conjurations
 25446 | Lair:6   | Reached skill level 18 in Stealth
 25875 | Lair:6   | Learned a level 4 spell: Animate Dead
 26512 | Swamp:1  | Entered Level 1 of the Swamp
 26523 | Swamp:1  | Reached skill level 1 in Necromancy
 26827 | Swamp:1  | Noticed Jynx's ghost (journeyman DEFE)
 26955 | Swamp:1  | HP: 3/63 [alligator (17)]
 26956 | Swamp:1  | Mangled by an alligator

Skill      XL: |  1  2  3  4  5  6  7  8  9 10 11 12 13 |
---------------+----------------------------------------+-----
Hexes          | 4 5 6 8 9 |  9.0
Spellcasting   | 3 4 5 6 7 8 9 10 11 12 | 12.5
Stealth        | 6 7 8 10 12 13 15 16 18 | 18.3
Short Blades   | 2 3 4 5 7 8 10 | 10.4
Dodging        | 4 5 6 7 8 9 10 12 | 12.6
Conjurations   | 1 2 3 5 |  5.6
Evocations     | 2 3 |  3.1
Armour         | 1 2 3 |  3.4
Fighting       | 1 4 |  4.9
Necromancy     | 1 |  1.8

Action                   |  1- 3 |  4- 6 |  7- 9 | 10-12 | 13-15 || total
-------------------------+-------+-------+-------+-------+-------++-------
Melee: Dagger            |    94 |   104 |   428 |   468 |   284 ||  1378
       Rapier            |       |       |       |    12 |       ||    12
 Cast: Corona            |     9 |     2 |       |       |       ||    11
       Ensorcelled Hiber |    19 |    36 |    82 |   128 |    24 ||   289
       Confuse           |     1 |       |    30 |    25 |     6 ||    62
       Dazzling Spray    |       |     3 |    41 |   231 |    97 ||   372
       Tukima's Dance    |       |     2 |     7 |     3 |       ||    12
Invok: Potion Petition   |       |       |       |     1 |     2 ||     3
Evoke: Wand              |       |       |     2 |     6 |     1 ||     9
  Use: Scroll            |       |     3 |    11 |    11 |     1 ||    26
       Potion            |       |     2 |     2 |     3 |     6 ||    13
 Stab: Sleeping          |    24 |    20 |    57 |    81 |    19 ||   201
       Confused          |     1 |       |    16 |    19 |     4 ||    40
       Invisible         |       |     2 |     6 |    30 |    27 ||    65
       Distracted        |       |     1 |     2 |     1 |     3 ||     7
  Eat: Bread ration      |       |     1 |     1 |     3 |     1 ||     6
       Pizza             |       |       |       |     1 |       ||     1
Armor: Robe              |    10 |    10 |    25 |    18 |     8 ||    71
Dodge: Dodged            |    65 |    88 |   333 |   437 |   266 ||  1189
Block: Other             |       |       |       |       |    39 ||    39
